 Dungeon Crawl Stone Soup version 0.24-a0-580-g6a6c3f83c1 (webtiles) character file.

Game seed: 10802708096831652112

81 GordonOverkill the Sneak (level 4, -7/38 HPs)
             Began as a Naga Air Elementalist on Aug 22, 2019.
             Mangled by a gnoll
             ... wielding a +0 halberd
              (13 damage)
             ... on level 2 of the Dungeon.
             The game lasted 00:05:27 (2261 turns).

GordonOverkill the Sneak (Naga Air Elementalist)    Turns: 2261, Time: 00:05:27

Health: -7/38      AC:  3    Str: 13    XL:     4   Next: 40%
Magic:  3/7        EV: 14    Int: 16    God:
Gold:   32         SH:  0    Dex: 12    Spells: 3/7 levels left

rFire    . . .     SeeInvis +   j - +5 whip
rCold    . . .     Gourm    .   (no shield)
rNeg     . . .     Faith    .   a - +0 robe
rPois    +         Spirit   .   d - +0 helmet
rElec    .         Reflect  .   (no cloak)
rCorr    .         Harm     .   (no gloves)
MR       .....                  (no barding)
Stlth    ++........             (no amulet)
HPRegen  0.12/turn              e - +3 ring of strength
MPRegen  0.10/turn              f - +4 ring of evasion

@: very slow
A: large, see invisible, deformed body, poison resistance, slowness 2, slow
metabolism 1, spit poison 1, AC +1
a: Spit Poison


You were on level 2 of the Dungeon.
You were not hungry.

You visited 1 branch of the dungeon, and saw 2 of its levels.

You collected 32 gold pieces.

Inventory:

Hand Weapons
 j - a +5 whip (weapon)
Missiles
 i - 66 stones (quivered)
Armour
 a - a +0 robe (worn)
 d - a +0 helmet (worn)
Jewellery
 e - a +3 ring of strength (left hand)
 f - a +4 ring of evasion (right hand)
Scrolls
 k - a scroll of fog {unknown}
Potions
 g - a potion of flight
 m - a potion of lignification {unknown}
 n - a potion of berserk rage {unknown}
Comestibles
 c - 4 rations
 o - 5 chunks of flesh


   Skills:
 + Level 1.3 Fighting
 + Level 2.0 Dodging
 - Level 4.0 Stealth
 + Level 2.3 Spellcasting
 + Level 1.8 Conjurations
 + Level 3.4 Air Magic


You had 3 spell levels left.
You knew the following spells:

 Your Spells              Type           Power        Failure   Level  Hunger
a - Shock                 Conj/Air       ##..         7%          1    #......
b - Static Discharge      Conj/Air       ##......     21%         3    ###....

Your spell library contained the following spells:

 Spells                   Type           Power        Failure   Level  Hunger
 Swiftness                Chrm/Air       #.......     16%         2    ###....
 Airstrike                Air            ##........   43%         4    #####..
 Lightning Bolt           Conj/Air       ##........   88%         5    ######.


Dungeon Overview and Level Annotations

Branches:
Dungeon (2/15)

Altars:


Innate Abilities, Weirdness & Mutations

You cannot wear boots.
Your serpentine skin is tough. (AC +1)
You have supernaturally acute eyesight. (SInv)
Armour fits poorly on your strangely shaped body.
Your system is resistant to poisons. (rPois)
You cover ground very slowly.
You have a slow metabolism.
You can spit poison.


Message History

You barely miss the worm.
The worm is lightly wounded.
The gnoll closely misses you.
You hit the worm.
The worm is lightly wounded.
The gnoll hits you from afar with a +0 halberd.
The worm bites you!
You see here a +0 robe.
The gnoll misses you.
Casting: Shock (safe; 7% risk of failure)
Confirm with . or Enter, or press ? or * to list all spells.
Aiming: Shock (safe; 7% risk of failure)
Press: ? - help, Shift-Dir - straight line, f/p - worm
Aim: a worm The zap misses the gnoll.
The zap hits the worm.
The worm is moderately wounded.
The gnoll hits you from afar with a +0 halberd!
* * * LOW HITPOINT WARNING * * *
The gnoll hits you with a +0 halberd!
You die...

#.#.######.#.#
######.#.##.....g.#
............###w###
##.....#### #.# ##..[.######.#
##g#..w.g...# #w########## #g#
#@# #.# #.# ###########.######
#.......#........#
#.#####.#.#.####.#
#.###........# #.# ###
#.........#..###.#######.##
####.......................#.#


You could see a worm and 2 gnolls.

Vanquished Creatures
  2 gnolls (D:2)
  2 adders (D:2)
  4 dart slugs
  A leopard gecko (D:1)
  2 ball pythons
  A giant cockroach (D:1)
  3 goblins
  4 hobgoblins
  A quokka (D:2)
  6 bats
  2 frilled lizards
  2 kobolds
  8 rats
38 creatures vanquished.

Notes
Turn   | Place    | Note
-------+----------+-------------------------------------------
     0 | D:1      | GordonOverkill the Naga Air Elementalist began the quest
                  | for the Orb.
     0 | D:1      | Reached XP level 1. HP: 15/15 MP: 3/3
   342 | D:1      | Reached XP level 2. HP: 15/24 MP: 0/5
   981 | D:1      | Reached XP level 3. HP: 30/30 MP: 3/6
  1256 | D:1      | Learned a level 3 spell: Static Discharge
  1364 | D:2      | Reached skill level 1 in Fighting
  2063 | D:2      | Reached XP level 4. HP: 31/38 MP: 0/7
  2220 | D:2      | Reached skill level 4 in Stealth
  2261 | D:2      | Mangled by a gnoll

Levels and vault maps discovered:
D:1:      scummos_arrival_star, layout_loops_ring
D:2:      layout_loops_corners, overflow_temple_1_default

Skill      XL: |  1  2  3  4 |
---------------+-------------+-----
Fighting       | 1 |  1.3
Dodging        | 2 |  2.0
Stealth        | 4 |  4.0
Spellcasting   | |  2.3
Conjurations   | |  1.8
Air Magic      | |  3.4

Action                   |  1- 3 |  4- 6 || total
-------------------------+-------+-------++-------
Melee: Unarmed           |    15 |       ||    15
       Dagger            |    13 |       ||    13
       Whip              |     1 |     9 ||    10
 Cast: Shock             |    78 |    14 ||    92
  Use: Potion            |     1 |     1 ||     2
       Scroll            |       |     2 ||     2
  Eat: Chunk             |     3 |     1 ||     4
Armor: Robe              |    21 |       ||    21
Dodge: Dodged            |    62 |     5 ||    67

Table legend:
 A = Non-vault XP
 B = Vault XP
 C = Vault XP percentage of total XP
 D = Non-vault monster count
 E = Vault monster count
 F = Vault count percentage of total count
                 A         B        C        D         E       F
            +---------+---------+-------+---------+---------+-------
      Total |     116 |       0 |   0.0 |      38 |       0 |   0.0
            +---------+---------+-------+---------+---------+-------
        D:1 |      37 |       0 |   0.0 |      21 |       0 |   0.0
        D:2 |      79 |       0 |   0.0 |      17 |       0 |   0.0
            +---------+---------+-------+---------+---------+-------
